 Dungeon Crawl Stone Soup version 0.27-a0-951-gae3e1deef5 (webtiles) character file.

Game seed: 8224417957711115162

49 jasper the Charlatan (level 3, -8/24 (26) HPs)
             Began as a Demonspawn Artificer on Apr 11, 2021.
             Was an Initiate of Ru.
             Mangled by a wight
             ... wielding a +0 flail
              (11 damage)
             ... on level 3 of the Dungeon.
             The game lasted 00:02:37 (547 turns).

jasper the Charlatan (Demonspawn Artificer)          Turns: 547, Time: 00:02:37

HP:   -8/24 (26)    AC:  5    Str: 12    XL:     3   Next: 53%
MP:   3/3           EV: 11    Int: 12    God:    Ru [......]
Gold: 27            SH:  0    Dex: 14    Spells: 2/2 levels left

rFire    . . .     SeeInvis .     - Unarmed
rCold    . . .     Faith    .   (no shield)
rNeg     . . .     Spirit   .   j - +0 leather armour {Will+}
rPois    .         Reflect  .   (no helmet)
rElec    .         Harm     .   (no cloak)
rCorr    .         Rampage  .   (no gloves)
Will     +....                  (no boots)
Stlth    ..........             (no amulet)
HPRegen  0.08/turn              (no ring)
MPRegen  0.08/turn              (no ring)

@: drained
A: molten scales 1, spiny 1, no stealth
a: Renounce Religion


You were on level 3 of the Dungeon.
You worshipped Ru.
Ru was noncommittal.
You visited 1 branch of the dungeon, and saw 3 of its levels.

You collected 27 gold pieces.

Inventory:

Hand Weapons
 a - a +0 club
Missiles
 g - 33 arrows
Armour
 b - a +0 leather armour
 i - a +0 scale mail
 j - a +0 leather armour of willpower (worn)
Wands
 d - a wand of charming (11)
 e - a wand of random effects (15)
Scrolls
 f - a scroll of identify {unknown}
 h - a scroll of fog {unknown}


   Skills:
 - Level 1.0 Fighting
 - Level 1.7 Armour
 - Level 0.8 Dodging
 + Level 3.0 Unarmed Combat
 - Level 3.0 Evocations


You had 2 spell levels left.
You didn't know any spells.
Your spell library was empty.

Dungeon Overview and Level Annotations

Branches:
Dungeon (3/15)

Altars:
Ru

Shops:
D:3 (

Annotations:
D:2 Sigmund


Innate Abilities, Weirdness & Mutations

You are partially covered in molten scales. (AC +2)
You are partially covered in sharp spines.
You cannot be stealthy.


Message History

You kill the bat!
You swing at nothing.
You swing at nothing.
HP restored.
Found a stone staircase leading down.
Health restored: 26 A kobold comes into view.
It is wielding a +0 whip.
A kobold is nearby!
A wight comes into view. It is wielding a +0 flail.
You hit the kobold.
The kobold is severely wounded.
The kobold hits you but does no damage.
You hit the kobold.
You kill the kobold!
Your Unarmed Combat skill increases to level 3!
You hit the wight.
The wight is lightly damaged.
The wight completely misses you.
You hit the wight.
The wight is lightly damaged.
The wight hits you with a +0 flail.
You take 5 damage, and have 21/26 hp.
You hit the wight but do no damage.
The wight is lightly damaged.
The wight completely misses you.
You closely miss the wight.
The wight is lightly damaged.
The wight barely misses you.
You hit the wight.
The wight is moderately damaged.
The wight barely misses you.
You hit the wight but do no damage.
The wight is moderately damaged.
The wight hits you with a +0 flail!
You feel drained.
* * * LOW HITPOINT WARNING * * *
You take 18 damage, and have 3/24 hp.
MASSIVE DAMAGE!!
You hit the wight but do no damage.
The wight is moderately damaged.
The wight hits you with a +0 flail!
You die...

#.##. .. #.... #.# #
#.###### # ####......
# #......... .####
#......###
......##........# .
..>...z@......# ...
......##......###....
.#### ####..........
#........#
####.########
#.......#
####.##.##.#
........##.# #######
#..#.#.....# #......


You could see a wight.

Vanquished Creatures
  An adder (D:2)
  2 endoplasms
  A giant cockroach (D:2)
  A goblin (D:3)
  A hobgoblin (D:1)
  A ball python (D:2)
  3 bats
  A frilled lizard (D:1)
  A kobold (D:3)
12 creatures vanquished.

Vanquished Creatures (collateral kills)
  Terence (D:2)
  3 gnolls (D:2)
  A rat (D:2)
5 creatures vanquished.

Vanquished Creatures (others)
  A gnoll (D:2)
1 creature vanquished.

Grand Total: 18 creatures vanquished

Notes
Turn   | Place    | Note
-------+----------+-------------------------------------------
     0 | D:1      | jasper the Demonspawn Artificer began the quest for the
                  | Orb.
     0 | D:1      | Reached XP level 1. HP: 15/15 MP: 1/1
    41 | D:1      | Found a faded altar of an unknown god.
    52 | D:1      | Became a worshipper of Ru the Awakened
    68 | D:2      | Reached skill level 1 in Unarmed Combat
    72 | D:2      | Gained mutation: You cannot be stealthy. [Ru sacrifice]
   102 | D:2      | Gained mutation: You are partially covered in sharp spines.
                  | [demonic ancestry]
   102 | D:2      | Reached XP level 2. HP: 19/21 MP: 2/2
   253 | D:2      | Noticed Sigmund
   254 | D:2      | Noticed Terence
   263 | D:2      | Killed Terence
   264 | D:2      | Gained mutation: You are partially covered in molten
                  | scales. (AC +2) [demonic ancestry]
   264 | D:2      | Reached XP level 3. HP: 15/26 MP: 3/3
   423 | D:3      | Found Difitsal's Antique Weapon Shoppe.
   547 | D:3      | Mangled by a wight

Illustrated notes

Levels and vault maps discovered:
D:1:      wheals_arrival_shading, layout_rooms,
          ebering_ecumenical_altar_abandoned, minmay_misc_feat_chi
D:2:      layout_rooms, basic_altar, uniq_jessica, uniq_sigmund, uniq_terence
D:3:      layout_loops_cross, serial_shops, nicolae_shop_waterfront

Skill      XL: |  1  2  3 |
---------------+----------+-----
Unarmed Combat | 1 2 3 |  3.0
Fighting       | |  1.0
Armour         | |  1.7
Dodging        | |  0.8
Evocations     | |  3.0

Action                   || total
-------------------------++-------
Melee: Club              ||     7
       Unarmed           ||    14
Invok: Sacrifice Stealth ||     1
Evoke: Wand              ||    19
Armor: Leather armour    ||    14
Dodge: Dodged            ||    31

Table legend: (Time is in decaauts)
 A = Elapsed time spent in this place.
 B = Non-inter-level travel time spent in this place.
 C = Inter-level travel time spent in this place.
 D = Time resting spent in this place.
 E = Time spent auto-exploring this place.
 F = Levels seen in this place.
 G = Mean time per level.
                   A        B        C        D        E       F      G
               +--------+--------+--------+--------+--------+-----+--------+
         Total |    548 |    548 |      0 |    165 |    164 |   3 |  182.7 |
       Dungeon |    548 |    548 |      0 |    165 |    164 |   3 |  182.7 |
               +--------+--------+--------+--------+--------+-----+--------+

Top non-repeatable levels by time:
     D:2: 264 daAuts
     D:3: 226 daAuts
     D:1: 57 daAuts
